[Event "Titled Tuesday Blitz December 27 Late 2022"]
[White "Atakishiyev, Elmar"]
[Black "Kamsky, Gata"]
[WhiteFideId "13410547"]
[BlackFideId "2000024"]
[WhiteElo "2363"]
[BlackElo "2665"]
[Result "1/2-1/2"]
[Round "03"]
[TimeControl "180+2"]
[Date "2022.12.27"]
[WhiteClock "0:01:26"]
[BlackClock "0:00:53"]

1. Nf3 Nf6 2. g3 g6 3. Bg2 Bg7 4. O-O O-O 5. d3 d5 6. c3 c5 7. Bf4 Nc6 8. Ne5 Bd7 9. Qb3 Nxe5 10. Bxe5 Bc6 11. Nd2 Rc8 12. Qa3 Bh6 13. Bxf6 exf6 14. Rad1 b6 15. e4 Bxd2 16. exd5 Bxd5 17. Rxd2 Bxg2 18. Kxg2 Qd5+ 19. Kg1 Rc7 20. d4 h5 21. Rfd1 c4 22. Re1 h4 23. Qa4 h3 24. f4 a5 25. Qc2 b5 26. Qe4 Qh5 27. Qe2 Qf5 28. Qe4 Qh5 29. Qe2 Qf5 30. Qe4 Qh5 1/2-1/2


[Site "https://www.chess.com"]

[Event "Titled Tuesday Blitz December 27 Late 2022"]
[White "Aung Thant Zin"]
[Black "Hoffmann, Asa"]
[WhiteFideId "13000063"]
[BlackFideId "2001470"]
[WhiteElo "2268"]
[BlackElo "2185"]
[Result "0-1"]
[Round "03"]
[TimeControl "180+2"]
[Date "2022.12.27"]
[WhiteClock "0:01:19"]
[BlackClock "0:01:52"]

1. e4 d6 2. d4 Nf6 3. Nc3 c6 4. Nf3 Bg4 5. Be2 e6 6. Be3 d5 7. e5 Nfd7 8. Nb1 c5 9. c3 Nc6 10. Nbd2 Qb6 11. O-O Be7 12. b3 O-O 13. h3 Bh5 14. Rc1 a5 15. Re1 a4 16. Nf1 axb3 17. axb3 cxd4 18. cxd4 Ba3 19. Ra1 Nb4 20. Ng3 Bg6 21. Rf1 Nc2 22. Ra2 Nxe3 23. fxe3 Bc1 24. Nd2 Rxa2 0-1


[Site "https://www.chess.com"]

[Event "Titled Tuesday Blitz December 27 Late 2022"]
[White "Avila Pavas, Santiago"]
[Black "Xiong, Jeffery"]
[WhiteFideId "4437128"]
[BlackFideId "2047640"]
[WhiteElo "2522"]
[BlackElo "2692"]
[Result "1/2-1/2"]
[Round "03"]
[TimeControl "180+2"]
[Date "2022.12.27"]
[WhiteClock "0:00:03"]
[BlackClock "0:00:03"]

1. d4 Nf6 2. Nf3 g6 3. Bg5 Bg7 4. Nbd2 O-O 5. e4 d6 6. c3 c5 7. dxc5 dxc5 8. Bc4 Nc6 9. Qe2 Qc7 10. O-O-O h6 11. Bh4 Nh5 12. Rhe1 Rb8 13. e5 b5 14. Bd5 Nf4 15. Qe4 Nxg2 16. Qxg6 Nxh4 17. Qxc6 Qxc6 18. Bxc6 Ng6 19. Nb3 Bg4 20. Rg1 Bxf3 21. Bxf3 Nxe5 22. Be2 c4 23. Nc5 Rfd8 24. f4 Ng6 25. f5 Nf4 26. Bf1 Kh7 27. Rg4 Be5 28. Nd7 Nd3+ 29. Rxd3 cxd3 30. Nxb8 Bxb8 31. Kd2 Bxh2 32. Bxd3 Be5 33. f6+ Kh8 34. fxe7 Re8 35. Bxb5 Rxe7 36. Rh4 Kg7 37. Bd3 Rd7 38. Kc2 Bf6 39. Rg4+ Bg5 40. b4 Kf6 41. a4 h5 42. Rg1 h4 43. a5 Bf4 44. Rg4 Bg3 45. b5 Ke5 46. c4 f5 47. Rg5 Rf7 48. b6 axb6 49. axb6 Kd4 50. Bxf5 Rb7 51. c5 Rb8 52. Bd3 Bf4 53. Rh5 Be5 54. b7 Rxb7 55. Rxh4+ Kxc5 56. Rc4+ Kd6 57. Re4 Rb2+ 58. Kc1 Rh2 59. Re2 Rh3 60. Kc2 Kd5 61. Be4+ Kc5 62. Bd3 Bd4 63. Rg2 Rh5 64. Re2 Rg5 65. Be4 Rg3 66. Bd3 Rg7 67. Be4 Ra7 68. Bd3 Ra2+ 69. Kb3 Ra7 70. Kc2 Rb7 71. Kc1 Rb3 72. Kc2 Rc3+ 73. Kd2 Ra3 74. Kc2 Kb4 75. Re4 Ra2+ 76. Kb1 Ra1+ 77. Kc2 Kc5 78. Re2 Ra3 79. Re4 Rc3+ 80. Kd2 Rb3 81. Kc2 Rb2+ 82. Kc1 Rf2 83. Re2 Rf3 84. Kc2 Rf8 85. Re4 Rb8 86. Re2 Rb2+ 87. Kc1 Rb3 88. Kc2 Kb4 89. Re4 Rc3+ 90. Kd2 Kc5 91. Re2 Ra3 92. Kc2 Kd5 93. Re4 Ra2+ 94. Kc1 Ra1+ 95. Kc2 Ra2+ 96. Kc1 Rf2 97. Re2 Rf1+ 98. Kc2 Rf4 99. Re4 Rf3 100. Re2 Rg3 101. Re4 Be3 102. Kc3 Bg5 103. Rc4 Bf6+ 104. Kc2 Rg2+ 105. Kc1 Bg5+ 1/2-1/2


[Site "https://www.chess.com"]

[Event "Titled Tuesday Blitz December 27 Late 2022"]
[White "Babazada, Khazar"]
[Black "Toncheva, Nadya"]
[WhiteFideId "13413554"]
[BlackFideId "2924056"]
[WhiteElo "2474"]
[BlackElo "2295"]
[Result "1-0"]
[Round "03"]
[TimeControl "180+2"]
[Date "2022.12.27"]
[WhiteClock "0:01:11"]
[BlackClock "0:00:19"]

1. e4 c5 2. Nf3 Nc6 3. d4 cxd4 4. Nxd4 g6 5. c4 Bg7 6. Be3 Nf6 7. Nc3 O-O 8. Be2 d6 9. f3 Bd7 10. Qd2 Nxd4 11. Bxd4 a5 12. b3 Bc6 13. O-O Nd7 14. Be3 Nc5 15. Rac1 Qb6 16. Rfd1 Rfc8 17. Nb5 Bxb5 18. cxb5 Qd8 19. Bc4 Nd7 20. Qd5 Ne5 21. Be2 Rxc1 22. Rxc1 Qd7 23. b6 Nc6 24. Bb5 Rc8 25. Bxc6 bxc6 26. Qxa5 c5 27. b4 cxb4 28. Rxc8+ Qxc8 29. b7 Qxb7 30. Qd8+ Bf8 31. Bh6 Qa7+ 32. Kh1 1-0


[Site "https://www.chess.com"]

[Event "Titled Tuesday Blitz December 27 Late 2022"]
[White "Bachmann, Axel"]
[Black "Marjanovic, Annamaria"]
[WhiteFideId "3700488"]
[BlackFideId "750930"]
[WhiteElo "2604"]
[BlackElo "2273"]
[Result "0-1"]
[Round "03"]
[TimeControl "180+2"]
[Date "2022.12.27"]
[WhiteClock "0:00:01"]
[BlackClock "0:00:42"]

1. Nf3 Nf6 2. c4 e6 3. e3 d5 4. b3 c5 5. Bb2 Nc6 6. cxd5 exd5 7. Bb5 Bd7 8. O-O Be7 9. d4 O-O 10. dxc5 Bxc5 11. Nc3 a6 12. Be2 Bg4 13. h3 Bh5 14. Nh4 Bg6 15. Nxg6 hxg6 16. Rc1 Qd6 17. Bf3 Ba3 18. Qd2 Bxb2 19. Qxb2 d4 20. exd4 Nxd4 21. Bxb7 Rab8 22. Ne4 Qe5 23. Qa3 Ne2+ 24. Kh1 Nxe4 25. Bxe4 Nxc1 26. Bb1 Ne2 27. Qxa6 Nf4 28. Rc1 Qd5 29. f3 Nxg2 30. Be4 Qe5 31. Rg1 Nf4 32. Qc4 Qe6 33. Qxe6 Nxe6 34. h4 Rfd8 0-1


[Site "https://www.chess.com"]

[Event "Titled Tuesday Blitz December 27 Late 2022"]
[White "Balakrishnan, Praveen"]
[Black "Averjanov, Alexey"]
[WhiteFideId "2064871"]
[BlackFideId "14109867"]
[WhiteElo "2529"]
[BlackElo "2399"]
[Result "1-0"]
[Round "03"]
[TimeControl "180+2"]
[Date "2022.12.27"]
[WhiteClock "0:00:14"]
[BlackClock "0:00:15"]

1. e4 c6 2. d4 d5 3. e5 Bf5 4. h4 h5 5. c4 e6 6. Nc3 dxc4 7. Bxc4 Nd7 8. Nge2 Nb6 9. Bb3 Ne7 10. Bg5 Qd7 11. Ng3 Bg6 12. Rc1 Nf5 13. Nxf5 Bxf5 14. O-O Be7 15. Qd2 Bxg5 16. Qxg5 Qxd4 17. Qxg7 O-O-O 18. Rfd1 Qxh4 19. Rxd8+ Rxd8 20. Qxf7 Nc4 21. Ne2 Nxe5 22. Bxe6+ Bxe6 23. Qxe6+ Nd7 24. Rc4 Qg5 25. Nd4 Rg8 26. g3 Qg6 27. Qxg6 Rxg6 28. Nf5 Kc7 29. Kg2 Re6 30. Nd4 Re5 31. Rc2 Nf6 32. Nf3 Re4 33. Ng5 Re5 34. Nf3 Re4 35. Rd2 b5 36. Nd4 Kb6 37. Nf5 a5 38. Ne3 h4 39. Rd6 Ne8 40. Rg6 hxg3 41. Kxg3 Nc7 42. Kf3 Re8 43. Nf5 a4 44. Nd4 Kc5 45. Nxc6 Ne6 46. Ne5 Nd4+ 47. Ke4 Nf3 48. Rc6+ Kb4 49. Kxf3 Rxe5 50. Rc2 Re8 51. Kg2 Rg8+ 52. Kf1 a3 53. bxa3+ Kxa3 54. f3 Rf8 55. Kf2 b4 56. Re2 Rf7 57. Kg3 Rg7+ 58. Kf4 Rf7+ 59. Kg4 Rg7+ 60. Kh5 Rf7 61. Rf2 b3 62. axb3 Kxb3 63. f4 Kc4 64. Kg6 Rf8 65. f5 Kd5 66. f6 Rg8+ 67. Kf7 Rg4 68. Rd2+ Ke5 69. Re2+ Kf5 70. Ke7 Rb4 71. f7 Rb7+ 72. Kf8 Kf6 73. Rf2+ Kg6 74. Kg8 Rb8+ 75. f8=Q Rxf8+ 76. Kxf8 Kh6 77. Kf7 Kg5 78. Ke6 Kg4 79. Ke5 Kg3 80. Rf8 Kg4 81. Rf7 Kg5 82. Rg7+ Kh6 83. Rg1 Kh5 84. Kf4 Kh6 85. Kf5 Kh7 86. Kf6 Kh8 87. Kf7 Kh7 88. Rh1# 1-0


[Site "https://www.chess.com"]

[Event "Titled Tuesday Blitz December 27 Late 2022"]
[White "Ballester Llagaria, Luis Eduardo"]
[Black "Paspuel, Trosky"]
[WhiteFideId "2297620"]
[BlackFideId "3602150"]
[WhiteElo "2298"]
[BlackElo "1721"]
[Result "1-0"]
[Round "03"]
[TimeControl "180+2"]
[Date "2022.12.27"]
[WhiteClock "0:02:41"]
[BlackClock "0:02:21"]

1. e4 c6 2. Nc3 d5 3. Nf3 dxe4 4. Nxe4 Nf6 5. Qe2 Nxe4 6. Qxe4 Nd7 7. Bc4 Nf6 8. Ne5 e6 9. Qe2 b5 10. Bb3 Qc7 11. d4 Bd6 12. Bf4 a5 13. a3 a4 14. Ba2 Ba6 15. Nxf7 Kxf7 16. Qxe6+ 1-0


[Site "https://www.chess.com"]

[Event "Titled Tuesday Blitz December 27 Late 2022"]
[White "Bettalli, Francesco"]
[Black "Hernandez Jimenez, Alexander Andres"]
[WhiteFideId "2816453"]
[BlackFideId "3900452"]
[WhiteElo "2252"]
[BlackElo "2134"]
[Result "1-0"]
[Round "03"]
[TimeControl "180+2"]
[Date "2022.12.27"]
[WhiteClock "0:02:05"]
[BlackClock "0:00:47"]

1. d4 Nf6 2. Nc3 d5 3. Bg5 e6 4. Qd3 Be7 5. O-O-O b6 6. g3 Ba6 7. Qd2 c5 8. Bg2 Nbd7 9. e4 dxe4 10. Bxf6 Nxf6 11. Nxe4 Nxe4 12. Bxe4 Rc8 13. Nf3 O-O 14. h4 cxd4 15. Qxd4 Qxd4 16. Rxd4 Bc5 17. Ra4 Bb5 18. Rxa7 Bxf2 19. g4 Be3+ 20. Kb1 Bc6 21. Bxc6 Rxc6 22. Re1 Bf4 23. Re4 Rd8 24. c3 Bb8 25. Ra8 Rcd6 26. Kc2 f5 27. gxf5 exf5 28. Rd4 Rxd4 29. Nxd4 g6 30. Nc6 1-0


[Site "https://www.chess.com"]

[Event "Titled Tuesday Blitz December 27 Late 2022"]
[White "Bilan, Danila"]
[Black "Fernandez, Maria Florencia"]
[WhiteFideId "24161918"]
[BlackFideId "116459"]
[WhiteElo "2303"]
[BlackElo "2129"]
[Result "1-0"]
[Round "03"]
[TimeControl "180+2"]
[Date "2022.12.27"]
[WhiteClock "0:00:08"]
[BlackClock "0:00:03"]

1. d4 Nf6 2. Nf3 g6 3. Bg5 Bg7 4. c3 O-O 5. Nbd2 d6 6. e4 Nc6 7. Qc2 e5 8. dxe5 dxe5 9. Be2 h6 10. Bh4 g5 11. Bg3 Nh5 12. O-O Nf4 13. Bc4 Qe7 14. Rfe1 Bg4 15. Nf1 h5 16. Ne3 Bxf3 17. gxf3 Qf6 18. Bf1 Ne7 19. Rad1 Rad8 20. Qb3 b6 21. Qa4 a5 22. Qc4 Ne6 23. Nd5 Nxd5 24. exd5 Nf4 25. Bxf4 Qxf4 26. Qxc7 Qxf3 27. Bg2 Qg4 28. d6 h4 29. h3 Qa4 30. a3 Qf4 31. Re4 Qf5 32. Rg4 Bf6 33. Be4 Qe6 34. b4 axb4 35. axb4 Rd7 36. Qxb6 Rfd8 37. Qe3 Rxd6 38. Rxd6 Qxd6 39. Qf3 Qd1+ 40. Kg2 Qxf3+ 41. Bxf3 e4 42. Bxe4 Bxc3 43. Rxg5+ Kf8 44. b5 Rb8 45. Bc6 Bf6 46. Rf5 Ke7 47. Kf3 Ke6 48. Rf4 Bg5 49. Re4+ Kd6 50. Rg4 Be7 51. Ke4 Kc5 52. Rg7 Bd6 53. Rxf7 Rf8 54. Rxf8 Bxf8 55. Ke5 Bg7+ 56. Ke6 Bd4 57. f4 Be3 58. f5 Bh6 59. f6 Kb6 60. Ke7 Bg5 61. Kf7 Kc7 62. Kg7 Kd6 63. f7 Be7 64. f8=Q Bxf8+ 65. Kxf8 Kc5 66. Ke7 Kb6 67. Kf6 1-0


[Site "https://www.chess.com"]

[Event "Titled Tuesday Blitz December 27 Late 2022"]
[White "Bochnicka, Vladimir"]
[Black "Bazeev, German"]
[WhiteFideId "14943450"]
[BlackFideId "24119350"]
[WhiteElo "2327"]
[BlackElo "2369"]
[Result "1-0"]
[Round "03"]
[TimeControl "180+2"]
[Date "2022.12.27"]
[WhiteClock "0:00:05"]
[BlackClock "0:00:06"]

1. e4 c5 2. Nf3 Nc6 3. d4 cxd4 4. Nxd4 g6 5. c4 Nf6 6. Nc3 d6 7. Be2 Bg7 8. Be3 O-O 9. O-O Nxd4 10. Bxd4 Be6 11. Rc1 a6 12. f3 Nd7 13. Bxg7 Kxg7 14. b3 Qa5 15. Qd4+ Qe5 16. Qd2 f6 17. Kh1 Bf7 18. f4 Qa5 19. Bg4 f5 20. exf5 gxf5 21. Bf3 Rab8 22. Rfe1 Rfe8 23. Qd4+ Nf6 24. Bd5 e6 25. Bf3 e5 26. fxe5 dxe5 27. Qh4 e4 28. Be2 Qe5 29. Qg5+ Bg6 30. Nd5 Nxd5 31. cxd5 Rbd8 32. Bc4 f4 33. Qxe5+ Rxe5 34. a4 Kf6 35. Kg1 Kg5 36. g3 e3 37. gxf4+ Kxf4 38. Rf1+ Kg5 39. Rfe1 Bh5 40. Kg2 Kh4 41. Be2 Rg8+ 42. Kh1 Bg6 43. Rc4+ Kg5 44. Rg4+ Kf6 45. Rf4+ Kg7 46. d6 Rd8 47. Rd1 Re6 48. Rfd4 Kf6 49. Kg2 Ke5 50. Rd5+ Kf6 51. Kg3 b6 52. Bxa6 e2 53. Re1 Rdxd6 54. Rxd6 Rxd6 55. Rxe2 Rd4 56. Bc4 Bf5 57. Rf2 Ke5 58. a5 bxa5 59. Ra2 Rg4+ 60. Kf3 Rf4+ 61. Kg3 1-0


[Site "https://www.chess.com"]

[Event "Titled Tuesday Blitz December 27 Late 2022"]
[White "Bogaudinov, Rushan"]
[Black "Hnydiuk, Aleksander"]
[WhiteFideId "4129288"]
[BlackFideId "1109057"]
[WhiteElo "1939"]
[BlackElo "2363"]
[Result "0-1"]
[Round "03"]
[TimeControl "180+2"]
[Date "2022.12.27"]
[WhiteClock "0:00:10"]
[BlackClock "0:01:12"]

1. e4 e5 2. Nc3 Nc6 3. g3 Nf6 4. Bg2 Bc5 5. d3 O-O 6. Nf3 a6 7. O-O d6 8. Bg5 h6 9. Bh4 Bg4 10. Nd5 g5 11. h3 Bxf3 12. Qxf3 Nxd5 13. exd5 Nd4 14. Qh5 Qf6 15. c3 Nf5 16. Qg4 Kh8 17. Be4 Ne7 18. b4 Ba7 19. Qd7 gxh4 20. Kg2 Rg8 21. Rae1 Bb6 22. a4 Rad8 23. Qxd8 Rxd8 24. a5 Ba7 25. f4 Rg8 26. Rf3 Rxg3+ 27. Rxg3 hxg3 28. Rf1 exf4 29. d4 Qg5 30. Rf3 f5 31. Bd3 Ng6 32. Be2 Nh4+ 0-1


[Site "https://www.chess.com"]

[Event "Titled Tuesday Blitz December 27 Late 2022"]
[White "Bok, Benjamin"]
[Black "Kozin, Yuri"]
[WhiteFideId "1017063"]
[BlackFideId "4129920"]
[WhiteElo "2607"]
[BlackElo "2251"]
[Result "1-0"]
[Round "03"]
[TimeControl "180+2"]
[Date "2022.12.27"]
[WhiteClock "0:00:35"]
[BlackClock "0:00:12"]

1. d4 d5 2. c4 c6 3. Nf3 Nf6 4. cxd5 cxd5 5. Nc3 Nc6 6. Bf4 Bg4 7. Ne5 Qb6 8. Nxg4 Nxg4 9. Nxd5 Qa5+ 10. Nc3 e5 11. Bxe5 Ncxe5 12. dxe5 Bb4 13. Qb3 Rc8 14. Rc1 Qc5 15. e3 Nxe3 16. fxe3 Qxe3+ 17. Kd1 Qf2 18. Bb5+ Ke7 19. Qxb4+ Ke6 20. Qd6+ Kf5 21. Rf1 1-0


[Site "https://www.chess.com"]

[Event "Titled Tuesday Blitz December 27 Late 2022"]
[White "Bortnyk, Olexandr"]
[Black "Kobo, Ori"]
[WhiteFideId "14120828"]
[BlackFideId "2812320"]
[WhiteElo "2605"]
[BlackElo "2559"]
[Result "1-0"]
[Round "03"]
[TimeControl "180+2"]
[Date "2022.12.27"]
[WhiteClock "0:00:03"]
[BlackClock "0:00:02"]

1. e4 c5 2. c3 d5 3. exd5 Nf6 4. Nf3 Nxd5 5. g3 Nc6 6. Bg2 g6 7. O-O Bg7 8. Re1 O-O 9. d3 Bf5 10. Nh4 Be6 11. Na3 Qd7 12. Nc4 Rfd8 13. Qe2 Rac8 14. a4 b6 15. Nf3 Bg4 16. Qf1 f6 17. Bd2 e5 18. Rad1 a6 19. h3 Bf5 20. Nh4 Be6 21. Bxd5 Bxd5 22. Nxb6 Qb7 23. Nxc8 Rxc8 24. c4 Bf7 25. Bc3 Rd8 26. Ng2 f5 27. f4 Nd4 28. Bxd4 exd4 29. Re2 Qb3 30. a5 Bf6 31. Ne1 Qxd1 32. Qf3 Qa4 33. g4 fxg4 34. hxg4 Qd7 35. g5 Bg7 36. Ng2 Re8 37. Rxe8+ Qxe8 38. Qb7 Qe6 39. Qc7 Bf8 40. Kf2 Qf5 41. Ke2 Qg4+ 42. Kf2 Qf5 43. Ke2 h6 44. gxh6 Bxh6 45. Qb8+ Bf8 46. Qb7 Qe6+ 47. Kf2 Be7 48. Qb8+ Kg7 49. Qb7 Qf6 50. Qb6 Qd6 51. Kf3 Be8 52. Kg3 Bc6 53. Qxa6 Qf6 54. Qb6 Qe6 55. a6 Bd5 56. Qxe6 Bxe6 57. a7 1-0


[Site "https://www.chess.com"]

[Event "Titled Tuesday Blitz December 27 Late 2022"]
[White "Bryakin, Mikhail"]
[Black "Srebrnic, Marko"]
[WhiteFideId "4165314"]
[BlackFideId "14603616"]
[WhiteElo "2455"]
[BlackElo "2366"]
[Result "1-0"]
[Round "03"]
[TimeControl "180+2"]
[Date "2022.12.27"]
[WhiteClock "0:01:33"]
[BlackClock "0:00:26"]

1. b3 c5 2. Bb2 Nc6 3. Nf3 Nf6 4. g3 d6 5. Bg2 e5 6. d3 Be7 7. O-O O-O 8. Nbd2 Rb8 9. c4 b5 10. e3 a6 11. d4 exd4 12. exd4 d5 13. cxb5 Nb4 14. dxc5 Bxc5 15. Ne5 Rxb5 16. a3 Qb6 17. axb4 Bxb4 18. Ndf3 Ne4 19. Bd4 Bc5 20. Bxc5 Qxc5 21. Rc1 Qa3 22. Nd4 Rb6 23. Re1 Bb7 24. Nd7 Rf6 25. Nxf6+ Nxf6 26. Qd2 1-0


[Site "https://www.chess.com"]

[Event "Titled Tuesday Blitz December 27 Late 2022"]
[White "Clawitter, Craig"]
[Black "Quinones Garcia, Santiago"]
[WhiteFideId "2023105"]
[BlackFideId "4408497"]
[WhiteElo "2050"]
[BlackElo "2248"]
[Result "0-1"]
[Round "03"]
[TimeControl "180+2"]
[Date "2022.12.27"]
[WhiteClock "0:00:03"]
[BlackClock "0:00:38"]

1. e4 e5 2. Nf3 Nc6 3. Bb5 a6 4. Ba4 Nf6 5. O-O Be7 6. d3 b5 7. Bb3 O-O 8. Nc3 Bb7 9. a4 b4 10. Nd5 d6 11. a5 Rb8 12. Bd2 Bc8 13. Qe1 Bg4 14. Nxb4 Rxb4 15. Bxb4 Bxf3 16. gxf3 Nd4 17. Kg2 Nh5 18. Bd2 Bg5 19. Be3 Nf4+ 20. Kh1 Qd7 21. Rg1 Nxf3 22. Qf1 Nxg1 23. Qxg1 Qh3 24. Qg3 Qh6 25. Rg1 Bh4 26. Qg4 Qf6 27. Bc4 Ra8 28. Bxf4 exf4 29. c3 Bxf2 30. Rf1 Be3 31. d4 g6 32. Qd7 c5 33. e5 dxe5 34. dxe5 Qxe5 35. Qxf7+ Kh8 0-1


[Site "https://www.chess.com"]

[Event "Titled Tuesday Blitz December 27 Late 2022"]
[White "Corredor Castellanos, Camilo"]
[Black "Can, Melih Kaan"]
[WhiteFideId "4425871"]
[BlackFideId "6317383"]
[WhiteElo "1957"]
[BlackElo "2069"]
[Result "1-0"]
[Round "03"]
[TimeControl "180+2"]
[Date "2022.12.27"]
[WhiteClock "0:00:17"]
[BlackClock "0:00:03"]

1. e4 c5 2. Nf3 Nc6 3. d4 cxd4 4. Nxd4 e5 5. Nb5 d6 6. N1c3 a6 7. Na3 b5 8. Nd5 Nce7 9. c3 Nxd5 10. Qxd5 Be6 11. Qd1 Nf6 12. Bg5 Be7 13. Bxf6 Bxf6 14. Be2 O-O 15. O-O d5 16. Bf3 dxe4 17. Bxe4 Rb8 18. Qc2 g6 19. Rfd1 Qc7 20. Bd5 Bf5 21. Qe2 Bg7 22. Nc2 Rbd8 23. Ne3 Bc8 24. a4 bxa4 25. Rxa4 Kh8 26. Rc4 Qb6 27. h4 f5 28. h5 f4 29. Ng4 Rxd5 30. Rxd5 Qe6 31. Rxc8 Rxc8 32. Qd1 Re8 33. h6 Bf6 34. Rd6 Qf5 35. Nxf6 Rf8 36. Nd7 Re8 37. Rf6 Qg5 38. Qd6 Qxh6 39. Nxe5 Qg7 40. Nf7+ Kg8 41. f3 a5 42. Qxf4 Re1+ 43. Kf2 Re8 44. Nh6+ Kh8 45. Rf7 g5 46. Rxg7 gxf4 47. Rg4 Rb8 48. Nf7# 1-0


[Site "https://www.chess.com"]

[Event "Titled Tuesday Blitz December 27 Late 2022"]
[White "Curtis, John"]
[Black "Moskvin, Anatoly"]
[WhiteFideId "3200256"]
[BlackFideId "24199990"]
[WhiteElo "2292"]
[BlackElo "2189"]
[Result "0-1"]
[Round "03"]
[TimeControl "180+2"]
[Date "2022.12.27"]
[WhiteClock "0:00:07"]
[BlackClock "0:00:39"]

1. e4 e5 2. Nf3 Nc6 3. Bb5 Nge7 4. O-O a6 5. Ba4 d6 6. h3 Bd7 7. c3 Ng6 8. d4 Be7 9. Nbd2 h6 10. a3 Bg5 11. Re1 Qf6 12. Bxc6 Bxc6 13. Nc4 Bxc1 14. Rxc1 a5 15. b4 axb4 16. axb4 O-O 17. Na5 Nf4 18. Nxc6 bxc6 19. h4 Ra2 20. Rc2 Rfa8 21. g3 Ng6 22. Kg2 Nf8 23. Rxa2 Rxa2 24. Re2 Ra3 25. Qc1 Ra6 26. Qb1 exd4 27. cxd4 Ra3 28. Re3 Rxe3 29. fxe3 Qe6 30. Qc2 Nd7 31. Qxc6 Nf6 32. e5 Ng4 0-1


[Site "https://www.chess.com"]

[Event "Titled Tuesday Blitz December 27 Late 2022"]
[White "Della Corte, Alessandro"]
[Black "Ronka, Erik"]
[WhiteFideId "813540"]
[BlackFideId "505080"]
[WhiteElo "2160"]
[BlackElo "2276"]
[Result "1-0"]
[Round "03"]
[TimeControl "180+2"]
[Date "2022.12.27"]
[WhiteClock "0:00:09"]
[BlackClock "0:00:03"]

1. d4 d5 2. Nf3 c6 3. c4 Nf6 4. cxd5 cxd5 5. Nc3 Nc6 6. Bf4 Bf5 7. e3 e6 8. Qb3 Bb4 9. Bb5 O-O 10. O-O Bxc3 11. Bxc6 Bxb2 12. Bxb7 Bxa1 13. Rxa1 Qb6 14. Bxa8 Rxa8 15. Rc1 h6 16. Ne5 Qxb3 17. axb3 Rb8 18. Rc3 Rb7 19. f3 Nd7 20. Rc8+ Kh7 21. Nxf7 Rxb3 22. g4 Bd3 23. h4 Kg6 24. Ne5+ Nxe5 25. Bxe5 Rb7 26. Kf2 Ba6 27. Rc6 Rb6 28. Rc7 Rb7 29. Rc6 Rb6 30. Rc2 Bc4 31. Ke1 a5 32. Kd2 a4 33. Rc3 Ra6 34. Ra3 Bb3 35. Kc3 Rc6+ 36. Kd3 Rc1 37. h5+ Kh7 38. e4 Rf1 39. Ke3 Re1+ 40. Kf2 Rd1 41. exd5 exd5 42. Ke2 Rh1 43. Kf2 g6 44. hxg6+ Kxg6 45. f4 h5 46. gxh5+ Kf5 47. Kg3 Rxh5 48. Ra1 Rh7 49. Bd6 Rh6 50. Ba3 Rg6+ 51. Kf3 Rc6 52. Re1 Rc3+ 53. Kf2 Rc2+ 54. Kf3 Rc3+ 55. Re3 Bd1+ 56. Kf2 Rc2+ 57. Kg3 Bh5 58. Re5+ Kg6 59. Rg5+ Kh6 60. Bf8+ Kh7 61. Rxh5+ Kg8 62. Bc5 a3 63. Rg5+ Kf7 64. Rf5+ Kg6 65. Rxd5 a2 66. Rd6+ Kf5 67. Ra6 Rc3+ 68. Kf2 Rc2+ 69. Ke3 Rc3+ 70. Kd2 Rh3 71. Kc2 Rh2+ 72. Kb3 Rh3+ 73. Kxa2 Kxf4 74. Kb2 Ke4 75. Kc2 Kd5 76. Rd6+ Kc4 77. Rd8 Rh2+ 78. Kd1 Rh3 79. Ke2 Rb3 80. Ba7 Rb7 81. Bc5 Rf7 82. Ke3 Rh7 83. Ke4 Rh4+ 84. Ke5 Rh5+ 85. Ke6 Rh6+ 86. Kd7 Rh7+ 87. Kc6 Rh6+ 88. Rd6 Rh1 89. Bb6 Rc1 90. Kb7 Rb1 91. Rc6+ Kd5 92. Rc5+ Kd6 93. Rh5 Rd1 94. Bc5+ Ke6 95. Re5+ Kd7 96. Rd5+ Ke8 97. Kc6 Rh1 98. Re5+ Kd8 99. Bb6+ Kc8 100. Re8# 1-0


[Site "https://www.chess.com"]

[Event "Titled Tuesday Blitz December 27 Late 2022"]
[White "Denishev, Marat"]
[Black "Gasparyan, David"]
[WhiteFideId "24131563"]
[BlackFideId "13311980"]
[WhiteElo "2255"]
[BlackElo "2142"]
[Result "0-1"]
[Round "03"]
[TimeControl "180+2"]
[Date "2022.12.27"]
[WhiteClock "0:00:05"]
[BlackClock "0:00:08"]

1. e4 c5 2. Nf3 Nc6 3. Bb5 Qc7 4. Nc3 e6 5. O-O Nf6 6. d4 cxd4 7. Nxd4 Nxd4 8. Qxd4 Bc5 9. Qd3 a6 10. Ba4 b5 11. Bb3 Bb7 12. Bg5 Ng4 13. Qh3 h5 14. Rad1 Bd6 15. g3 b4 16. Ne2 Bxe4 17. f3 Qc5+ 18. Rd4 Be5 19. fxg4 Bxd4+ 20. Nxd4 Qxg5 21. Re1 d5 22. Qf1 O-O 23. gxh5 Qxh5 24. Nc6 Rfe8 25. Qf4 Qh3 26. Re2 Rac8 27. Ne5 Qf5 28. Kf2 f6 29. Qxf5 Bxf5 30. Nd7 Red8 31. Nb6 Rc6 32. Na4 Rdc8 33. c3 a5 34. Ke3 Kf7 35. Kf4 g5+ 36. Kf3 Kg6 37. Kg2 Be4+ 38. Kf2 e5 39. Rd2 bxc3 40. bxc3 Rd6 41. Nb2 Rb8 42. Ke3 f5 43. Na4 Rc6 44. Kf2 Rd8 45. Ke3 f4+ 46. Kf2 Kf5 47. h3 g4 48. h4 f3 49. Nb2 Bb1 50. Nd1 d4 51. cxd4 Rxd4 52. Nb2 Rxd2+ 0-1


[Site "https://www.chess.com"]

[Event "Titled Tuesday Blitz December 27 Late 2022"]
[White "Dias, Joao Batista"]
[Black "Mayaud, Raphael"]
[WhiteFideId "2108240"]
[BlackFideId "627151"]
[WhiteElo "1796"]
[BlackElo "2201"]
[Result "1/2-1/2"]
[Round "03"]
[TimeControl "180+2"]
[Date "2022.12.27"]
[WhiteClock "0:00:20"]
[BlackClock "0:00:16"]

1. e4 d5 2. exd5 Qxd5 3. Nc3 Qa5 4. Nf3 c6 5. h3 Nf6 6. Bc4 Bf5 7. O-O e6 8. d3 Nbd7 9. Bf4 Be7 10. Re1 O-O 11. a3 Rfe8 12. b4 Qd8 13. Qe2 h6 14. Rad1 Nd5 15. Nxd5 exd5 16. Bb3 Nf6 17. Qd2 Bd6 18. Bxd6 Qxd6 19. Nd4 Bd7 20. c4 dxc4 21. dxc4 Rad8 22. Qc3 Qc7 23. Bc2 Rxe1+ 24. Rxe1 Qd6 25. Nf5 Bxf5 26. Bxf5 Qd2 27. Qe5 g6 28. Re2 Qd1+ 29. Re1 Qd4 30. Qxd4 Rxd4 31. Bc8 b6 32. Ba6 Kf8 33. Kf1 Rd3 34. Ra1 Ne4 35. f3 Ng3+ 36. Kf2 Nf5 37. Ke2 Rb3 38. Bb7 c5 39. b5 Rb2+ 40. Kd3 Nd4 41. g4 g5 42. Ke4 Rd2 43. Rf1 Ne6 44. Bd5 Nf4 45. Kf5 Rd3 46. h4 Nxd5 47. cxd5 Rxd5+ 48. Ke4 Rd4+ 49. Kf5 Kg7 50. hxg5 Rd5+ 51. Ke4 Rxg5 52. a4 Rg6 53. Rd1 Re6+ 54. Kf5 Re7 55. f4 Rc7 56. Rc1 c4 57. Rc3 Rc5+ 58. Ke4 f5+ 59. gxf5 Kf6 60. Rh3 Kg7 61. Rg3+ Kf7 62. Rc3 Kg7 63. Rg3+ Kf6 64. Rg6+ Kf7 65. Rxh6 c3 66. Rh1 c2 67. Rc1 Kf6 68. Kd3 Kxf5 69. Rxc2 Rxc2 70. Kxc2 Kxf4 71. Kd3 Ke5 72. Kc4 Ke4 73. Kb4 Kd4 74. a5 Kd3 75. axb6 axb6 76. Kb3 Kd4 77. Kb4 Kd5 78. Kb3 Kc5 79. Ka4 Kc4 80. Ka3 Kxb5 81. Kb3 Kc5 82. Kc3 Kb5 83. Kb3 Kc5 84. Kc3 b5 85. Kb3 Kd6 86. Kb4 Kc6 87. Kb3 Kb6 88. Kb4 Ka6 89. Ka3 Ka5 90. Kb3 b4 91. Kb2 Kb5 92. Kb3 Kc5 93. Kb2 Kb5 94. Kb3 Ka5 95. Kb2 Ka4 96. Ka2 b3+ 97. Kb2 Kb4 98. Kb1 Ka3 99. Ka1 Ka4 100. Kb2 Kb4 101. Kb1 Kc4 102. Kb2 Kb4 1/2-1/2


[Site "https://www.chess.com"]

[Event "Titled Tuesday Blitz December 27 Late 2022"]
[White "Dzierzak, Radoslaw"]
[Black "Djokic, Mihailo"]
[WhiteFideId "1161407"]
[BlackFideId "976440"]
[WhiteElo "2220"]
[BlackElo "2192"]
[Result "0-1"]
[Round "03"]
[TimeControl "180+2"]
[Date "2022.12.27"]
[WhiteClock "0:01:04"]
[BlackClock "0:00:59"]

1. e4 c5 2. Nf3 d6 3. d4 cxd4 4. Nxd4 Nf6 5. Nc3 g6 6. g3 Nc6 7. Nde2 h5 8. h3 Bd7 9. Bg2 Qc8 10. Nd5 Bg7 11. Bg5 Nxd5 12. exd5 Ne5 13. b3 b5 14. f4 f6 15. fxe5 fxg5 16. e6 Bc3+ 17. Kf1 O-O+ 18. Kg1 Qc5+ 19. Kh2 Bxa1 20. Qd3 Be8 21. Rxa1 Rf2 22. Rf1 Rxf1 23. Bxf1 Qf2+ 24. Bg2 Rc8 25. Nd4 Rc5 26. Nc6 Rxc2 27. Qe4 Re2 28. Nxe7+ Kh7 0-1


[Site "https://www.chess.com"]